TKirby, chaotic male elven Ranger ---+- `#### ------------- |...| #------------- |...........| ---- |...| #|...........| |............# |..| |...| #|...........| |...........|# |..| |...| #|.(..........# |...........|# |..| |....############|...........|# ----------.--# |..| ---|- -----.-------# ## # -.-- # ## # # # # # # # ################## ### # ### # # # -------# # # # # #### # |_%...|############# # ## # --------.----- # |.....| -.---.- ## -----.------#########-......[.....| ### |.....| #......| -.----- |..........|# # |..........`(.###### |......###)###|.....| |@.....#####..........l|# ##-............| ##-.....|#######......| |.u...| |..........|# -------------- |.>....# |.....| |.....| |..<.......|# -+-.--- |.....| |.l...| ------------` # ------- ------- TKirby the Trailblazer Experience level: 7 Strength: 14 Dexterity: 13 Constitution: 16 Intelligence: 14 Wisdom: 15 Charisma: 8 Health: 0(48) Energy: 31(31) Def: 10 Gold: 1489 Moves: 4700 Dungeon seed: sn8ok8fBjJpR_bP0 Game ID: TKirby_1507651212 Your Inventory: Coins $ - 1489 gold pieces Weapons a - the +1 Sting (alternate weapon; not wielded) b - a +1 elven bow (weapon in hand) c - 30 +2 elven arrows (in quiver) d - 39 blessed +0 elven arrows Q - a cursed +0 elven dagger Armor e - an uncursed +2 elven cloak (being worn) n - an uncursed +0 chain mail (being worn) q - an uncursed +0 pair of gauntlets of dexterity (being worn) y - an uncursed +0 pair of kicking boots (being worn) Comestibles f - 2 uncursed lembas wafers K - an uncursed food ration X - an uncursed leprechaun corpse Scrolls g - an uncursed scroll of enchant weapon k - an uncursed scroll of teleportation Spellbooks B - an uncursed spellbook of protection H - an uncursed spellbook of force bolt Potions p - an uncursed potion of monster detection F - a potion of unholy water L - an uncursed potion of water S - an uncursed potion of object detection Rings w - an uncursed ring of fire resistance I - an uncursed ring of poison resistance Tools J - an uncursed skeleton key V - a blessed tallow candle (0:200) Gems r - an uncursed worthless piece of red glass Spells and supernatural/magical abilities: Name Level Category Fail Memory a - force bolt 1 attack 100% 93% p - protection 1 clerical 100% 91% W - pray for help -- divine ? -- Your skills at the end: Fighting Skills Weapon Skills dagger [Basic] bow [Basic] Spellcasting Skills Final Attributes: You were piously aligned. You were sleep resistant. You were telepathic. You had automatic searching. You had infravision. You were stealthy. You were lucky. You are dead. Vanquished creatures: 5 leprechauns a gnome king a housecat a jaguar a gnome mummy an ape a water nymph a pony 3 yellow lights 4 gray oozes 6 giant ants 2 floating eyes 4 rothes 2 giant bats 2 dwarf zombies 2 wererats a werejackal 2 iguanas 2 acid blobs a coyote a hobbit 4 large kobolds a giant rat 5 cave spiders a yellow mold a red mold a gnome a gnome zombie 4 geckos 6 jackals 3 kobolds 2 goblins a sewer rat 8 grid bugs 2 bats 6 lichens a kobold zombie 6 newts 97 creatures vanquished. Voluntary challenges: You had been an atheist until turn 1967. You used a wielded weapon 99 times, starting on turn 406. You read items or engraved 5 times, starting on turn 2773. You never genocided any monsters. You never polymorphed an object. You never changed form. You used no wishes. You never split a pudding. You never wrote Elbereth's name. You never violated your personal moral code. Dungeon overview: The Dungeons of Doom: levels 1 to 6 Level 1 a sink a long staircase Level 2 Level 3 some fountains Level 4 an altar to Mars, a sink a long staircase Level 5 a general store, a fountain Level 6 <- You were here an altar to Mars History has recorded: On T:1 you entered the Dungeons of Doom to retrieve the Amulet of Yendor! On T:647 you advanced to experience level 2. On T:797 you reached level 2 of The Dungeons of Doom. On T:924 you advanced to experience level 3. On T:1204 you reached level 3 of The Dungeons of Doom. On T:1563 you advanced to experience level 4. On T:1718 you reached level 4 of The Dungeons of Doom. On T:2280 you advanced to experience level 5. On T:2621 you reached level 5 of The Dungeons of Doom. On T:2657 you reached level 6 of The Dungeons of Doom. On T:3869 you advanced to experience level 6. On T:4683 you advanced to experience level 7. Score breakdown: Gold: 1489 (10794 points) Experience: 7 levels (13645 points) Exploration: 6 levels ( 12.50%) ( 9784 points) Discoveries: 3 items ( 1.03%) ( 3051 points) Valuables value: (no points given unless you survive) Artifact value: 800 ( 9877 points) Variety of kills: 38 monsters ( 9.97%) ( 9474 points) Turncount: 4700 turns (-1263 points) Survival: died (score multiplied by 80%) Total score: 44289 Latest messages: The gray unicorn kicks! You are now wielding your elven bow. a - the +1 Sting (alternate weapon; not wielded). You shoot 3 elven arrows. The 1st elven arrow hits the leprechaun! The 2nd elven arrow hits the leprechaun! The 3rd elven arrow hits the leprechaun! You shoot 2 elven arrows. Star yelps! The 1st elven arrow hits star! Star yelps! The 2nd elven arrow hits star. c - 5 +2 elven arrows (in quiver). The gray unicorn misses. The gray unicorn kicks! The gray unicorn butts! The gray unicorn kicks! The elven arrow hits the gray unicorn! The gray unicorn butts! The gray unicorn kicks! You die... Final status: Goodbye TKirby the Ranger, killed by a gray unicorn... You died in The Dungeons of Doom on dungeon level 6 with 44289 points, and 1489 pieces of gold, after 4700 moves. You were level 7 with a maximum of 48 hit points when you died.